 Dungeon Crawl Stone Soup version 0.28-a0-233-gb8ca4b6547 (webtiles) character file.

Game seed: 15821890137559928319

109 tilp the Sneak (level 4, 19/19 HPs)
             Began as a Felid Hedge Wizard on Aug 22, 2021.
             Quit the game on level 4 of the Dungeon.
             The game lasted 00:10:20 (7369 turns).

tilp the Sneak (Felid Hedge Wizard)                 Turns: 7369, Time: 00:10:21

Health: 19/19      AC:  1    Str:  6    XL:     4   Next: 60%
Magic:  9/9        EV: 18    Int: 16    God:
Gold:   126        SH:  0    Dex: 16    Spells: 4/9 levels left
                                        Lives:  0   Deaths: 1

rFire   . . .      SeeInvis +     - Unarmed
rCold   . . .      Faith    .   (shield unavailable)
rNeg    + . .      Spirit   .   (armour unavailable)
rPois   .          Reflect  .   (helmet unavailable)
rElec   .          Harm     .   (cloak unavailable)
rCorr   .          Rampage  .   (gloves unavailable)
Will    .....                   (boots unavailable)
Stlth   +++.......              (no amulet)
HPRegen 0.06/turn               a - ring of positive energy
MPRegen 0.11/turn               (no ring)

@: quick
A: very small, claws 1, fangs 3, see invisible, speed 1, shaggy fur 1, stealthy
paws, no weapons or thrown items, no armour, multi-lived
a: no special abilities


You were on level 4 of the Dungeon.
You visited 1 branch of the dungeon, and saw 4 of its levels.

You collected 148 gold pieces.
You spent 22 gold pieces at shops.

Inventory:

Jewellery
 a - a ring of positive energy (left paw)
Scrolls
 b - 3 scrolls of enchant armour {unknown}
Potions
 c - 3 potions of curing
 e - a potion of brilliance
 f - 2 potions of mutation
 g - 2 potions of berserk rage {unknown}


   Skills:
 - Level 2.0 Fighting
 - Level 4.0 Dodging
 - Level 4.0 Stealth
 - Level 2.0 Unarmed Combat
 + Level 3.2 Spellcasting
 + Level 2.2 Conjurations
 + Level 1.5 Summonings
 + Level 2.3 Translocations


You had 4 spell levels left.
You knew the following spells:

 Your Spells              Type           Power      Damage    Failure   Level
a - Magic Dart            Conj           36%        1d4       7%          1
b - Call Imp              Summ           7%         N/A       14%         2
c - Blink                 Tloc           N/A        N/A       11%         2

Your spell library contained the following spells:

 Spells                   Type           Power      Damage    Failure   Level
 Lesser Beckoning         Tloc           5%         N/A       22%         3
 Slow                     Hex            2%         N/A       28%         2
 Conjure Flame            Conj/Fire      6%         6-21      34%         3
 Mephitic Cloud           Conj/Pois/Air  5%         N/A       38%         3
 Manifold Assault         Tloc           10%        N/A       89%         5
 Summon Forest            Summ/Tloc      4%         N/A       92%         5
 Summon Mana Viper        Hex/Summ       5%         N/A       98%         5
 Shadow Creatures         Summ           N/A        N/A       100%        6


Dungeon Overview and Level Annotations

Branches:
Dungeon (4/15)
 Temple: D:4-7

Altars:
Dithmenos
Yredelemnul
Beogh

Shops:
D:2 *


Innate Abilities, Weirdness & Mutations

You have sharp claws.
You have razor-sharp teeth.
You have supernaturally acute eyesight. (SInv)
You cover ground quickly. (Speed+)
You are covered in fur. (AC +1)
Your paws help you pounce on unaware monsters.
You are incapable of wielding weapons or throwing items.
You cannot wear armour.
You gain extra lives every three experience levels.


Message History

The ogre is lightly wounded.
Unknown command.
Casting: Magic Dart (safe; 7% risk of failure)
Confirm with . or Enter, or press ? or * to list all spells.
Aiming: Magic Dart (safe; 7% risk of failure)
Press: ? - help, Shift-Dir - straight line, f/p - ogre
Aim: an ogre, wielding a +0 giant club (lightly wounded, 100% to hit)
You miscast Magic Dart.
You are very lightly contaminated with residual magic.
Nothing appears to happen.
Unknown command.
Casting: Magic Dart (safe; 7% risk of failure)
Confirm with . or Enter, or press ? or * to list all spells.
A shadowy apparition takes form in the air.
Casting: Call Imp (safe; 14% risk of failure)
Confirm with . or Enter, or press ? or * to list all spells.
You miscast Call Imp.
Nothing appears to happen.
Your shadow imp hits the ogre.
Casting: Call Imp (safe; 14% risk of failure)
Confirm with . or Enter, or press ? or * to list all spells.
A beastly little devil appears in a puff of flame.
The ogre barely misses your shadow imp.
Your shadow imp hits the ogre.
Casting: Call Imp (safe; 14% risk of failure)
Confirm with . or Enter, or press ? or * to list all spells.
A beastly little devil appears in a puff of flame.
Your crimson imp says, "Let's raise destruction!"
The ogre closely misses your shadow imp.
Your shadow imp hits the ogre.
Your crimson imp blinks!
Your crimson imp blinks!
Your crimson imp blinks!
Your crimson imp blinks!
The ogre hits you with a +0 giant club!!
Ouch! That really hurt!
You die...
You are now level 4!
You rejoin the land of the living...
Unknown command.
Unknown command.
Unknown command.
Are you sure you want to abandon this character and quit the game? (Confirm with "yes".)

.##..# ##....###....§##
...#)## #....####§..##
......###......#....#
.......###.........##
......## #..........##
......# #...........##
......## #............#
.......###...........##
.....#.##.......@....#
....##.##............#
....##..............##
...###..............# # ..##
##.............# # ..#
##............## ## .##
#..............##### #. ##
##.......<..........########.
#.............####...........


There were no monsters in sight!

Vanquished Creatures
  A hound (D:4)
  A hound skeleton (D:4)
  A howler monkey skeleton (D:4)
  2 adders (D:3)
  2 ufetubi
  6 dart slugs (D:1)
  5 orcs (D:3)
  9 endoplasms
  A giant cockroach (D:1)
  6 goblins
  10 hobgoblins
  8 jackals
  10 kobolds
  4 quokkas
  9 ball pythons
  3 bats (D:2)
  4 frilled lizards
  7 rats
89 creatures vanquished.

Vanquished Creatures (collateral kills)
  An orc priest (D:3)
  2 adders
  An ufetubus (D:3)
  2 worms
  An orc (D:4)
  A hobgoblin (D:4)
  2 jackals (D:3)
  A quokka (D:4)
11 creatures vanquished.

Grand Total: 100 creatures vanquished

Notes
Turn   | Place    | Note
-------+----------+-------------------------------------------
     0 | D:1      | tilp the Felid Hedge Wizard began the quest for the Orb.
     0 | D:1      | Reached XP level 1. HP: 7/7 MP: 5/5
    33 | D:1      | Reached skill level 1 in Conjurations
   261 | D:1      | Reached XP level 2. HP: 9/11 MP: 0/7
   332 | D:1      | Learned a level 2 spell: Call Imp
   335 | D:1      | Learned a level 2 spell: Blink
  1085 | D:1      | Reached XP level 3. HP: 15/15 MP: 5/8
  1124 | D:1      | Found a faded altar of an unknown god.
  1820 | D:2      | Found Wyassipn's General Store.
  1832 | D:2      | Bought a scroll of identify for 22 gold pieces
  1908 | D:2      | Reached skill level 1 in Fighting
  2039 | D:2      | Reached skill level 1 in Unarmed Combat
  2963 | D:2      | Reached XP level 4. HP: 14/19 MP: 1/9
  3478 | D:3      | Found a basalt altar of Yredelemnul.
  5144 | D:3      | Reached XP level 5. HP: 20/22 MP: 1/10
  7046 | D:4      | Found a shadowy altar of Dithmenos.
  7353 | D:4      | Noticed an ogre
  7368 | D:4      | Slain by an ogre
  7369 | D:4      | Reached XP level 4. HP: -3/19 MP: 1/9
  7369 | D:4      | Quit the game

Illustrated notes

Levels and vault maps discovered:
D:1:      wander_arrival_abandoned_jail, layout_loops_cross,
          hellmonk_ecumenical_altar_defaced_shrine
D:2:      layout_rooms, serial_shops, nicolae_shop_stone, grunt_decor_resistance
D:3:      layout_loops_cross, old_standard_altar
D:4:      lemuel_castle_with_subvaults [lemuel_castle_interior_carwin_2],
          layout_cave_pods, nicolae_dithmenos_the_darkroom

Skill      XL: |  1  2  3  4  5 |
---------------+----------------+-----
Conjurations   | 2 |  2.2
Stealth        | 3 4 |  4.0
Dodging        | 3 4 |  4.0
Fighting       | 1 2 |  2.0
Unarmed Combat | 1 2 |  2.0
Translocations | 2 |  2.3
Spellcasting   | |  3.2
Summonings     | |  1.5

Action                   |  1- 3 |  4- 6 || total
-------------------------+-------+-------++-------
Melee: Unarmed           |    27 |    24 ||    51
       Bite              |     3 |     2 ||     5
 Cast: Magic Dart        |   145 |   162 ||   307
       Call Imp          |     4 |    30 ||    34
       Blink             |       |     2 ||     2
  Use: Scroll            |     3 |     4 ||     7
       Potion            |       |     2 ||     2
 Stab: Sleeping          |     1 |       ||     1
       Distracted        |       |     1 ||     1
Armor: Skin              |     3 |     5 ||     8
Dodge: Dodged            |    40 |    91 ||   131

Table legend: (Time is in decaauts)
 A = Elapsed time spent in this place.
 B = Non-inter-level travel time spent in this place.
 C = Inter-level travel time spent in this place.
 D = Time resting spent in this place.
 E = Time spent auto-exploring this place.
 F = Levels seen in this place.
 G = Mean time per level.
                   A        B        C        D        E       F      G
               +--------+--------+--------+--------+--------+-----+--------+
         Total |   6872 |   6618 |    254 |   3058 |   2600 |   4 | 1718.0 |
       Dungeon |   6872 |   6618 |    254 |   3058 |   2600 |   4 | 1718.0 |
               +--------+--------+--------+--------+--------+-----+--------+

Top non-repeatable levels by time:
     D:3: 2198 daAuts
     D:2: 1830 daAuts
     D:1: 1685 daAuts
     D:4: 1157 daAuts
